 Dungeon Crawl Stone Soup version 0.18-a0-1570-gf60b0ab (webtiles) character file.

125598 mopl the Unseen (level 16, -5/84 HPs)
             Began as a Spriggan Arcane Marksman on Mar 14, 2016.
             Was an Initiate of Gozag.
             Killed by angry trees
             ... awakened by a spriggan druid
              (17 damage)
             ... on level 1 of the Swamp.
             The game lasted 02:10:32 (39218 turns).

mopl the Unseen (Spriggan Arcane Marksman)         Turns: 39218, Time: 02:10:32

Health: -5/84      AC:  8    Str:  7    XL:     16   Next: 41%
Magic:  32/32      EV: 32    Int: 17    God:    Gozag
Gold:   3149       SH:  7    Dex: 20    Spells: 11 memorised, 0 levels left

rFire  + . .     SeeInvis +     a - +3 quick blade (freeze)
rCold  + + .     Gourm    .     y - +2 robe {rC+ rF+}
rNeg   + + .     Faith    .     L - +0 buckler
rPois  +         Spirit   .     x - +1 hat
rElec  .         Dismiss  .     D - +2 cloak {rC+}
rCorr  .         Reflect  .     (gloves unavailable)
SustAt .         Harm     .     (boots unavailable)
MR     +++..                    B - macabre finger necklace {rN+}
Stlth  ++++++++++               H - ring of poison resistance
                                u - ring of protection from magic
                                o - ring of Shadows {Umbra +Inv rN+ SInv}

@: about to teleport, wreathed by umbra, repel missiles, very quick, extremely
resistant to hostile enchantments, uncannily stealthy
A: unfitting armour, see invisible, herbivore 3, speed 3, slow metabolism 2
a: Potion Petition, Call Merchant, Bribe Branch, Renounce Religion, Evoke
Invisibility


You were on level 1 of the Swamp.
You worshipped Gozag.
Gozag was noncommittal.
You were not hungry.

You visited 4 branches of the dungeon, and saw 27 of its levels.
You also visited: Labyrinth and Ice Cave.

You collected 10542 gold pieces.
You spent 3068 gold pieces at shops.
You paid 4325 gold pieces to Gozag.

Inventory:

Hand Weapons
 a - a +3 quick blade of freezing (weapon)
 b - a +1 blowgun
Missiles
 c - 40 tomahawks
 e - 664 stones (quivered)
 j - 14 curare-tipped needles
 m - 4 needles of confusion
 A - 40 poisoned needles
Armour
 x - a +1 hat (worn)
 y - a +2 robe of resistance (worn)
 D - a +2 cloak of cold resistance (worn)
 L - a +0 buckler (worn)
Jewellery
 o - the ring of Shadows (on amulet) {Umbra +Inv rN+ SInv}
   (You bought it in a shop on level 1 of the Lair of Beasts)

   [ring of positive energy]

   It protects you from negative energy.
   It lets you see invisible.
   It lets you turn invisible.
 u - a ring of protection from magic (left hand)
 w - an uncursed ring of fire
 B - the macabre finger necklace (around neck) {rN+}
   (You bought it in a shop on level 1 of the Lair of Beasts)

   [amulet of nothing]

   It protects you from negative energy.
 H - a ring of poison resistance (right hand)
Wands
 F - a wand of polymorph (17/24)
 R - a wand of confusion (22/48)
 S - a wand of iceblast (9/15)
 U - a wand of disintegration (5/24)
 V - a wand of paralysis (19/24)
 W - a wand of enslavement (16/24)
 X - a wand of lightning (5/15)
Scrolls
 d - a scroll of enchant weapon
 g - a scroll of noise
 k - a scroll of fear
 n - 14 scrolls of remove curse
 r - 5 scrolls of blinking
 s - 7 scrolls of teleportation
 t - 10 scrolls of fog
 v - 4 scrolls of magic mapping
 J - 2 scrolls of vulnerability
 T - 6 scrolls of immolation {!r}
 Y - a scroll of identify
Potions
 h - 12 potions of curing
 i - a potion of cancellation
 l - 4 potions of might
 p - 6 potions of agility
 q - 6 potions of ambrosia
 z - 2 potions of haste
 E - 7 potions of flight
 G - 2 potions of berserk rage {!q}
 I - a potion of cure mutation {!q}
 Q - a potion of resistance
Books
 M - a book of Annihilations

   Spells                             Type                      Level
   a - Poison Arrow                   Conjuration/Poison           6
   b - Chain Lightning                Conjuration/Air              8
   c - Lehudib's Crystal Spear        Conjuration/Earth            8
   d - Glaciate                       Conjuration/Ice              9
   e - Fire Storm                     Conjuration/Fire             9
Miscellaneous
 C - a box of beasts {used: 6}
 K - a phial of floods
 O - a phial of floods
 P - a sack of spiders {used: 1}
 Z - a fan of gales
Comestibles
 f - 12 bread rations


   Skills:
 + Level 9.1 Fighting
 + Level 12.9 Short Blades
 - Level 10.0 Throwing
 + Level 14.0 Dodging
 + Level 17.3 Stealth
 + Level 4.1 Shields
 - Level 11.0 Spellcasting
 - Level 12.0 Hexes
 - Level 5.0 Translocations
 - Level 7.0 Transmutations
 + Level 5.1 Air Magic
 - Level 10.0 Evocations


You couldn't memorise any spells.
You knew the following spells:

 Your Spells              Type           Power        Failure   Level  Hunger
a - Apportation           Tloc           ####......   1%          1    None
b - Corona                Hex            ######.      1%          1    None
c - Invisibility          Hex            ######..     12%         6    ######.
d - Tukima's Dance        Hex            ######..     1%          3    None
e - Blink                 Tloc           N/A          1%          2    None
f - Portal Projectile     Tloc           ####..       4%          3    None
h - Haste                 Chrm           #.......     100%        6    ######.
i - Repel Missiles        Chrm/Air       ###...       6%          2    None
l - Silence               Hex/Air        #####.....   10%         5    #####..
s - Ozocubu's Armour      Chrm/Ice       #.......     30%         3    None
y - Yara's Violent Unrav  Hex/Trmt       #####.....   8%          5    #####..


Dungeon Overview and Level Annotations

Branches:
Dungeon (15/15)            Temple (0/1) D:5            Lair (8/8) D:11
  Swamp (2/4) Lair:4        Snake (0/4) Lair:6        Slime (0/6) Lair:7
    Orc (2/2) D:9             Elf (0/3) Orc:2        Vaults (0/5) D:14
 Depths (0/5) D:15

Altars:
Cheibriados
Dithmenos
Fedhas
Gozag
Kikubaaqudgha
Makhleb
Pakellas
Sif Muna
Trog
Zin
Beogh
Jiyva

Shops:
D:9 :   D:10 :   Orc:2 [:(*   Lair:1 (=?

Annotations:
D:9 AnCiEnTIStOnEIBeAsT's ghost, journeyman DsFi
Lair:8 exclusion: oklob plant


Innate Abilities, Weirdness & Mutations

You are tiny and cannot use many weapons and most armour.
You have supernaturally acute eyesight.
You are a herbivore.
You cover ground extremely quickly.
You need consume almost no food.


Message History

Your redback dies!
Your redback's corpse disappears in a puff of smoke!
A root lunges up near your redback. A root lunges up near you.
The spriggan druid calls out to the beasts of the wild!
A swamp worm comes into view.
Unknown command.
Unknown command.
Read which item? (? for menu, Esc to quit)
As you read the scroll of teleportation, it crumbles to dust.
You feel strangely unstable. Tree limbs sway around you.
Your redback is hit by a branch!
You are hit by a branch!
* * * LOW HITPOINT WARNING * * *
Your redback bites the spriggan druid.
Your redback bites the spriggan druid but does no damage. x2
A swamp worm comes into view.
A swamp worm comes into view.
A tree reaches out and hits you!
You die...
Your body crumbles into a pile of gold.

♣.≈≈≈.≈≈w.....≈≈≈≈.....
♣.≈≈≈≈≈≈......≈≈#####.#
♣.≈≈≈≈≈≈≈♣♣♣..≈≈≈######
♣.≈≈>≈≈≈.♣♣♣≈.≈≈≈≈≈....
♣.≈≈..≈≈.♣♣≈≈≈.≈...§... ♣♣♣♣♣♣
♣..s..≈≈≈≈≈≈≈≈≈♣♣♣♣♣♣.. ♣≈..≈♣
♣.s^i.≈≈≈≈≈≈..♣♣♣♣♣♣...
♣♣.≈.♣♣♣♣♣♣♣♣.≈≈≈≈D≈....≈♣♣.§.≈
♣♣.≈≈.≈§...♣.@.≈...≈≈≈≈^≈♣.≈..
♣♣♣♣.≈≈.≈.≈≈♣≈..≈w≈≈≈≈.♣♣♣≈..
♣♣...w♣♣♣♣≈..≈≈≈.≈≈≈.♣♣♣♣≈
♣♣..≈♣♣ ♣.........≈§.♣ ♣♣
♣♣≈.≈♣♣♣.≈≈..≈♣≈..≈♣♣ ♣♣
♣♣≈.≈≈≈.≈≈.≈≈♣♣♣♣♣♣ ♣≈
♣♣.≈≈≈..>.♣♣♣ ♣♣ ♣≈.≈..≈♣♣♣ ♣.
♣.≈.≈♣♣♣ ♣≈


You could see a six-headed hydra, a spriggan druid, 2 swamp worms and a friendly
redback.

Vanquished Creatures
  Saint Roka (Orc:2)
  Rupert (Lair:3)
  An acid blob (Lair:8)
  A stone giant (Orc:1)
  A minotaur (Lab)
  The ghost of Duffy the Martial Artist, a journeyman DsTm of Cheibriados (IceCv)
  3 fire dragons
  Josephine (D:13)
  3 great orbs of eyes (Lair:8)
  5 death oozes (Lair:8)
  4 vault guards (D:14)
  A rakshasa (D:15)
  7 hydras
  Harold (D:10)
  A death knight (D:13)
  5 centaur warriors
  An ogre mage (D:15)
  2 orc high priests
  6 death yaks (Lair:6)
  Sonja (Lair:3)
  Urug (D:10)
  4 skeletal warriors
  2 unseen horrors
  A shambling mangrove (Swamp:1)
  The ghost of PeterLawrence the Basher, a novice GrFi of Okawaru (D:8)
  7 orc knights
  Pikel (D:5)
  6 hill giants
  A swamp dragon (Swamp:1)
  A wolf spider zombie (D:14)
  15 ugly things
  3 deep elf magi
  4 manticores
  A salamander (shapeshifter) (D:15)
  A griffon (Lair:5)
  A cyclops (Orc:2)
  5 orc sorcerers
  16 elephants
  An ice statue (IceCv)
  10 spiny frogs
  5 black mambas
  2 gargoyles
  7 komodo dragons
  4 rime drakes
  An efreet (D:14)
  2 kobold demonologists
  A freezing wraith (D:13)
  4 centaur skeletons
  A tengu conjurer (D:10)
  10 ice devils (IceCv)
  A spriggan druid (Lair:7)
  A queen bee (Lair:1)
  13 polar bears
  3 two-headed ogres
  14 trolls
  A giant leech (Swamp:1)
  2 bog bodies (Swamp:1)
  14 blink frogs
  2 slime creatures (Lair:7)
  A shadow (D:11)
  13 spriggans (Lair:8)
  3 wyverns
  4 redbacks (Lair:8)
  28 yaks
  7 wraiths (D:13)
  9 hippogriffs
  A vampire (D:13)
  2 hungry ghosts
  2 vampire mosquitoes (D:12)
  3 basilisks
  A warg (Orc:2)
  2 swamp worms (Swamp:1)
  3 nagas (Lair:6)
  2 mottled dragons
  2 soldier ants
  14 water moccasins
  9 porcupines
  Duvessa (D:5)
  3 slaves
  A swamp drake (Swamp:1)
  16 ice beasts
  3 sky beasts
  13 black bears
  4 phantoms
  10 ogres
  5 wasps
  31 orc warriors
  14 centaurs
  29 wolves
  15 crocodiles
  5 big kobolds
  A gnoll sergeant (D:6)
  23 giant frogs
  2 wyvern zombies
  A wyvern skeleton (D:6)
  Dowan (D:5)
  5 scorpions
  35 killer bees
  6 howler monkeys
  2 oklob saplings (D:10)
  A quasit (D:10)
  8 crimson imps
  A giant frog zombie (D:12)
  8 hounds
  31 orc priests
  10 jellies
  38 orc wizards
  2 giant frog skeletons (D:5)
  8 iguanas
  11 worker ants
  A killer bee zombie (D:8)
  36 sheep
  A hound skeleton (D:6)
  A worker ant zombie (D:11)
  4 gnolls (D:6)
  18 adders
  34 river rats
  7 shadow imps
  8 white imps
  6 ufetubi (IceCv)
  8 oozes (Lair:8)
  2 adder skeletons
  2 worms
  3 dart slugs (D:2)
  4 giant geckos
  99 orcs
  6 giant cockroaches
  5 goblins
  4 hobgoblins
  4 jackals
  6 quokkas
  11 ball pythons
  A ball python skeleton (D:6)
  17 bats
  A giant cockroach zombie (D:5)
  9 giant newts
  A jackal skeleton (D:8)
  14 kobolds
  10 rats
  A fungus (D:11)
  2 plants
993 creatures vanquished.

Vanquished Creatures (collateral kills)
  An orc high priest (Orc:1)
  An orc sorcerer (Orc:2)
  An ice statue (IceCv)
  A naga (Lair:6)
  4 orc warriors
  An orc wizard (Orc:2)
  An orc (Orc:1)
10 creatures vanquished.

Vanquished Creatures (others)
  12 dancing weapons
  A necrophage (D:6)
  An ogre (Orc:1)
  A centaur (D:15)
  3 white imps (IceCv)
  An ufetubus (IceCv)
  3 orcs
  52 fungi
  6 plants
80 creatures vanquished.

Grand Total: 1083 creatures vanquished

Notes
Turn   | Place    | Note
--------------------------------------------------------------
     0 | D:1      | mopl the Spriggan Arcane Marksman began the quest for the Orb.
     0 | D:1      | Reached XP level 1. HP: 9/9 MP: 3/3
   134 | D:1      | Reached skill level 1 in Stealth
   370 | D:1      | Reached XP level 2. HP: 10/14 MP: 5/5
  1092 | D:2      | Found a bloodstained altar of Trog.
  1095 | D:2      | Found a snail-covered altar of Cheibriados.
  1098 | D:2      | Found a glowing silver altar of Zin.
  1101 | D:2      | Found a shadowy altar of Dithmenos.
  1154 | D:2      | Reached skill level 3 in Throwing
  1170 | D:2      | Reached XP level 3. HP: 2/17 MP: 6/6
  1480 | D:2      | Reached skill level 1 in Short Blades
  1882 | D:2      | Found a burning altar of Makhleb.
  1990 | D:3      | Reached skill level 2 in Stealth
  1998 | D:3      | Reached XP level 4. HP: 9/21 MP: 7/7
  2603 | D:3      | Found a faded altar to an unknown god.
  2688 | D:3      | Found an oddly glowing altar of Pakellas.
  2745 | D:3      | Reached skill level 2 in Short Blades
  2780 | D:3      | Reached skill level 3 in Stealth
  2809 | D:3      | Reached skill level 4 in Throwing
  2809 | D:3      | Reached XP level 5. HP: 25/25 MP: 8/8
  3317 | D:3      | Reached skill level 3 in Short Blades
  3732 | D:4      | Noticed a phantom
  3759 | D:4      | Killed a phantom
  3759 | D:4      | Reached skill level 4 in Stealth
  3759 | D:4      | Reached XP level 6. HP: 29/29 MP: 9/9
  3935 | D:4      | Found an opulent altar of Gozag.
  3941 | D:4      | Became a worshipper of Gozag Ym Sagoz the Greedy
  3975 | D:4      | Reached skill level 5 in Throwing
  4056 | D:4      | Reached skill level 5 in Stealth
  4076 | D:4      | Reached skill level 4 in Short Blades
  4311 | D:5      | Entered Level 5 of the Dungeon
  4359 | D:5      | Reached XP level 7. HP: 16/32 MP: 10/10
  4828 | D:5      | Found a staircase to the Ecumenical Temple.
  4847 | D:5      | Reached skill level 6 in Throwing
  4907 | D:5      | Reached skill level 6 in Stealth
  5000 | D:5      | Learned a level 3 spell: Tukima's Dance
  5002 | D:5      | Learned a level 1 spell: Apportation
  5111 | D:5      | Reached skill level 5 in Short Blades
  5559 | D:6      | Noticed Pikel
  5585 | D:6      | Noticed Dowan
  5586 | D:6      | Noticed Duvessa
  5689 | D:5      | Killed Pikel
  5689 | D:5      | Reached skill level 7 in Throwing
  5689 | D:5      | Reached skill level 7 in Stealth
  5689 | D:5      | Reached skill level 4 in Hexes
  5689 | D:5      | Reached XP level 8. HP: 37/37 MP: 11/11
  5751 | D:5      | Killed Duvessa
  5759 | D:5      | Killed Dowan
  6006 | D:6      | Reached skill level 8 in Stealth
  6055 | D:6      | Reached skill level 8 in Throwing
  6173 | D:6      | Reached skill level 5 in Hexes
  6211 | D:6      | Found an ancient bone altar of Kikubaaqudgha.
  6211 | D:6      | Found a blossoming altar of Fedhas.
  6368 | D:6      | Reached skill level 6 in Short Blades
  6368 | D:6      | Reached XP level 9. HP: 34/40 MP: 12/12
  6416 | D:6      | Noticed a gargoyle
  6603 | D:6      | Killed a gargoyle
  6709 | D:6      | Reached skill level 9 in Stealth
  6924 | D:6      | Reached skill level 9 in Throwing
  7870 | D:7      | Reached skill level 6 in Hexes
  8059 | D:7      | Found a deep blue altar of Sif Muna.
  8512 | D:8      | Noticed PeterLawrence's ghost (novice GrFi)
  8565 | D:7      | Reached skill level 7 in Short Blades
  8881 | D:8      | Reached skill level 10 in Stealth
  9269 | D:8      | Reached skill level 1 in Fighting
  9388 | D:8      | Reached skill level 2 in Spellcasting
  9697 | D:8      | Reached XP level 10. HP: 40/45 MP: 14/14
  9948 | D:8      | Reached skill level 10 in Throwing
 10090 | D:8      | Reached skill level 7 in Hexes
 10444 | D:9      | Found a staircase to the Orcish Mines.
 10512 | D:9      | Noticed AnCiEnTIStOnEIBeAsT's ghost (journeyman DsFi)
 10772 | D:9      | Reached skill level 2 in Fighting
 10772 | D:9      | Reached skill level 3 in Spellcasting
 10825 | D:9      | Found Ibaewipn's Book Boutique.
 11248 | D:9      | Reached skill level 4 in Dodging
 11396 | D:10     | Entered Level 10 of the Dungeon
 11801 | D:10     | Noticed Urug
 11811 | D:10     | Killed Urug
 11811 | D:10     | Reached skill level 11 in Stealth
 11811 | D:10     | Reached skill level 4 in Spellcasting
 11918 | D:10     | Reached skill level 3 in Fighting
 11932 | D:10     | Reached skill level 5 in Dodging
 12089 | D:10     | Found Bipet's Book Shop.
 12094 | D:10     | Reached skill level 8 in Short Blades
 12098 | D:10     | Bought a book of Enchantments for 650 gold pieces
 12121 | D:10     | Learned a level 6 spell: Invisibility
 12127 | D:10     | Learned a level 5 spell: Silence
 12349 | D:10     | Found a blossoming altar of Fedhas.
 12352 | D:10     | Noticed Harold
 12415 | D:10     | Killed Harold
 12415 | D:10     | Reached skill level 8 in Hexes
 12415 | D:10     | Reached XP level 11. HP: 30/52 MP: 17/19
 12596 | D:10     | Noticed a hill giant
 12621 | D:10     | Killed a hill giant
 12621 | D:10     | Reached skill level 5 in Spellcasting
 12843 | D:11     | Noticed a centaur warrior
 12852 | D:11     | Killed a centaur warrior
 12852 | D:11     | Reached skill level 6 in Dodging
 13147 | D:11     | Noticed a five-headed hydra
 13250 | D:11     | Killed a five-headed hydra
 13253 | D:11     | Reached skill level 4 in Fighting
 13402 | D:11     | Found a staircase to the Lair.
 13535 | D:11     | Noticed an unseen horror
 13593 | D:11     | Killed an unseen horror
 13593 | D:11     | Reached skill level 12 in Stealth
 13638 | D:11     | Reached skill level 9 in Short Blades
 13638 | D:11     | Reached skill level 7 in Dodging
 13744 | D:11     | Reached skill level 6 in Spellcasting
 14107 | D:11     | Noticed a hill giant
 14109 | D:11     | Killed a hill giant
 14109 | D:11     | Reached skill level 9 in Hexes
 14259 | Lair:1   | Entered Level 1 of the Lair of Beasts
 14431 | Lair:1   | Learned a level 5 spell: Yara's Violent Unravelling
 15405 | Lair:2   | Reached skill level 5 in Fighting
 15405 | Lair:2   | Reached skill level 8 in Dodging
 15541 | Lair:2   | Found a labyrinth entrance.
 15555 | Lair:2   | Reached XP level 12. HP: 45/60 MP: 23/23
 15570 | Lab      | Entered a labyrinth
 16133 | Lab      | Noticed a minotaur
 16153 | Lab      | Killed a minotaur
 16169 | Lab      | Learned a level 2 spell: Blink
 16170 | Lab      | Got a fine wooden ring
 16173 | Lab      | Identified the ring "Ugech" {rN+ Dex+3} (You found it in a labyrinth)
 16536 | Lair:1   | Reached skill level 7 in Spellcasting
 17004 | Lair:1   | Bought a scroll of vulnerability for 135 gold pieces
 17004 | Lair:1   | Bought a scroll of identify for 36 gold pieces
 17004 | Lair:1   | Bought a scroll of identify for 36 gold pieces
 17004 | Lair:1   | Bought a scroll of teleportation for 54 gold pieces
 17004 | Lair:1   | Bought a scroll of enchant armour for 135 gold pieces
 17004 | Lair:1   | Bought a scroll of identify for 36 gold pieces
 17004 | Lair:1   | Bought a scroll of amnesia for 63 gold pieces
 17111 | Lair:2   | Learned a level 2 spell: Repel Missiles
 17222 | Lair:2   | Reached skill level 13 in Stealth
 17639 | Lair:3   | Reached skill level 10 in Hexes
 17652 | Lair:3   | Reached skill level 10 in Short Blades
 17652 | Lair:3   | Reached skill level 9 in Dodging
 17663 | Lair:3   | Found a frozen archway.
 17674 | Lair:3   | Noticed Rupert
 17678 | IceCv    | Entered an ice cave
 18237 | IceCv    | Reached skill level 1 in Evocations
 18571 | IceCv    | Reached skill level 8 in Spellcasting
 18738 | IceCv    | Noticed Duffy's ghost (journeyman DsTm)
 18756 | IceCv    | Killed Duffy's ghost
 18988 | IceCv    | Reached skill level 2 in Evocations
 19001 | IceCv    | Reached skill level 6 in Fighting
 19063 | IceCv    | Reached skill level 1 in Translocations
 19348 | Lair:3   | Reached skill level 2 in Translocations
 19378 | Lair:3   | Noticed a four-headed hydra
 19406 | Lair:3   | Killed a four-headed hydra
 19797 | Lair:3   | Reached skill level 3 in Translocations
 19817 | Lair:3   | Reached XP level 13. HP: 42/65 MP: 26/26
 19933 | Lair:3   | Killed Rupert
 19933 | Lair:3   | Reached skill level 10 in Dodging
 19933 | Lair:3   | Reached skill level 3 in Evocations
 20436 | Lair:3   | Noticed Sonja
 20441 | Lair:3   | Killed Sonja
 20474 | Lair:3   | Reached skill level 4 in Translocations
 20694 | Lair:1   | Learned a level 3 spell: Portal Projectile
 20937 | Lair:4   | Reached skill level 14 in Stealth
 21070 | Lair:4   | Found a staircase to the Swamp.
 21389 | Lair:4   | Reached skill level 9 in Spellcasting
 21389 | Lair:4   | Reached skill level 4 in Evocations
 21759 | Orc:1    | Entered Level 1 of the Orcish Mines
 21806 | Orc:2    | Entered Level 2 of the Orcish Mines
 21806 | Orc:2    | Found a staircase to the Elven Halls.
 21822 | Orc:2    | Reached skill level 11 in Hexes
 22810 | Orc:2    | Found a roughly hewn altar of Beogh.
 22811 | Orc:2    | Noticed Saint Roka
 22959 | Orc:2    | Reached skill level 5 in Evocations
 23218 | Orc:2    | Reached skill level 5 in Translocations
 23675 | Orc:1    | Noticed a stone giant
 23826 | Orc:1    | Killed a stone giant
 23826 | Orc:1    | Reached skill level 11 in Dodging
 23927 | Orc:1    | Reached skill level 11 in Short Blades
 24069 | Orc:1    | Found a roughly hewn altar of Beogh.
 24382 | Orc:2    | Found a roughly hewn altar of Beogh.
 24409 | Orc:2    | Reached skill level 7 in Fighting
 25458 | Orc:2    | Found Caryq's General Store.
 25464 | Orc:2    | Bought a potion of curing for 48 gold pieces
 25464 | Orc:2    | Bought a scroll of blinking for 120 gold pieces
 25503 | Orc:2    | Killed Saint Roka
 25503 | Orc:2    | Reached skill level 6 in Evocations
 25503 | Orc:2    | Reached XP level 14. HP: 55/72 MP: 21/28
 25534 | Orc:2    | Found Oxowner's Book Boutique.
 25705 | Orc:2    | Found Luaguykue's Antique Armour Boutique.
 25723 | Orc:2    | Bought a glowing hat for 116 gold pieces
 26044 | Orc:2    | Found Maenoc's Antique Weapon Boutique.
 26065 | Orc:2    | Reached skill level 15 in Stealth
 26369 | Lair:1   | Bought the ring of Shadows {Umbra +Inv rN+ SInv} for 420 gold pieces
 26369 | Lair:1   | Bought the macabre finger necklace {rN+} for 205 gold pieces
 26545 | Lair:5   | Reached skill level 10 in Spellcasting
 27134 | Lair:5   | Reached skill level 7 in Evocations
 27173 | Lair:5   | Reached skill level 12 in Hexes
 27295 | Lair:6   | Found a staircase to the Snake Pit.
 27300 | Lair:6   | Reached skill level 1 in Transmutations
 27373 | Lair:6   | Reached skill level 12 in Dodging
 27900 | Lair:6   | Reached skill level 2 in Transmutations
 27912 | Lair:6   | Reached skill level 1 in Air Magic
 28808 | Lair:7   | Reached skill level 3 in Transmutations
 28843 | Lair:7   | Found a runed door.
 28844 | Lair:7   | Found a viscous altar of Jiyva.
 28850 | Lair:7   | Found a staircase to the Slime Pits.
 29545 | Lair:8   | Entered Level 8 of the Lair of Beasts
 29735 | Lair:8   | Reached skill level 8 in Evocations
 29954 | Lair:8   | Reached skill level 2 in Air Magic
 30096 | Lair:8   | Noticed an acid blob
 30097 | Lair:8   | Found a viscous altar of Jiyva.
 30212 | Lair:8   | Reached skill level 4 in Transmutations
 30212 | Lair:8   | Reached XP level 15. HP: 77/77 MP: 30/30
 30242 | Lair:8   | Reached skill level 16 in Stealth
 30358 | Lair:8   | Reached skill level 11 in Spellcasting
 30363 | Lair:8   | Reached skill level 12 in Short Blades
 30388 | Lair:8   | Reached skill level 8 in Fighting
 30459 | Lair:8   | Killed an acid blob
 30550 | Lair:8   | Reached skill level 3 in Air Magic
 31009 | Lair:8   | Reached skill level 13 in Dodging
 31053 | Lair:8   | Reached skill level 5 in Transmutations
 32452 | D:10     | Identified the Papyrus of Nature
 33107 | D:8      | Killed PeterLawrence's ghost
 33388 | D:12     | Reached skill level 1 in Shields
 33567 | D:12     | Reached skill level 9 in Evocations
 34359 | D:13     | Reached skill level 6 in Transmutations
 34472 | D:13     | Reached skill level 2 in Shields
 34864 | D:13     | Noticed Josephine
 34928 | D:13     | Killed Josephine
 35262 | D:14     | Reached skill level 4 in Air Magic
 35563 | D:14     | Found a gate to the Vaults.
 35889 | D:14     | Reached XP level 16. HP: 34/82 MP: 28/32
 36218 | D:14     | Reached skill level 3 in Shields
 36486 | D:14     | mopl: back later
 36486 | D:14     | mopl: ++
 36687 | D:15     | Entered Level 15 of the Dungeon
 36973 | D:15     | Found a staircase to the Depths.
 36980 | D:15     | Reached skill level 17 in Stealth
 37361 | D:15     | Reached skill level 7 in Transmutations
 37449 | D:15     | Reached skill level 10 in Evocations
 37507 | D:15     | Reached skill level 9 in Fighting
 37536 | D:15     | Reached skill level 5 in Air Magic
 37840 | Lair:1   | Bought a scroll of identify for 26 gold pieces
 37840 | Lair:1   | Bought a scroll of acquirement for 676 gold pieces
 37840 | Lair:1   | Bought a scroll of identify for 26 gold pieces
 37840 | Lair:1   | Bought a scroll of identify for 26 gold pieces
 37866 | Lair:1   | Bought a scroll of brand weapon for 260 gold pieces
 37884 | Lair:1   | Learned a level 6 spell: Haste
 37888 | Lair:1   | Learned a level 3 spell: Ozocubu's Armour
 37932 | Swamp:1  | Entered Level 1 of the Swamp
 38030 | Swamp:1  | Reached skill level 4 in Shields
 38640 | Swamp:1  | Reached skill level 14 in Dodging
 39218 | Swamp:1  | Killed from afar by a spriggan druid

Vault maps used:
D:1:      lightli_iron_boxes
D:2:      lemuel_coloured_pillars_altar, grunt_temple_overflow_cloverleaf
D:3:      forest_paths, lemuel_round_altar, ecumenical_altar_2
D:4:      marbit_many_paths, first_bread
D:5:      minmay_temple_entry_statues, minmay_fire_ice_demons
D:6:      wad_guarded_room, grunt_temple_overflow_growth_and_decay,
          uniq_duvessa, uniq_pikel
D:7:      kennysheep_mini_moat, amalloy_card_club
D:9:      orc_0_dummy, serial_shops, nicolae_shop_crystal
D:10:     serial_shops, nicolae_shop_stone, grunt_tengu_nest,
          introduction_to_nature_1, uniq_urug, uniq_harold
D:11:     due_lair_maze_entry_diamond
D:13:     uniq_josephine
D:14:     lightli_vaults_fourway_checkpoint
D:15:     grunt_enter_depths_hoard, minmay_misc_feat_secret_circle,
          grunt_ministairs_10
Lair:1:   patterned_corridor, infiniplex_staircase_pool
Lair:2:   beast_lair_carwin_large_1, lab_entry_generic, columned_hall_lemuel
Lair:3:   portal_ice_cave_entry_ice_beasts, grunt_megastairs_3,
          lemuel_fruit_tree, uniq_sonja, uniq_rupert
Lair:4:   swamp_mist
Lair:5:   mu_elephants_graveyard
Lair:6:   minmay_snake_entry_guardpost_small
Lair:7:   slime_altar_2, serial_bayou_pond_d
Lair:8:   minmay_lair_end_enchanted_forest, special_room, grunt_megastairs_2
Swamp:1:  serial_swamp_ruin, evilmike_swamp_ruin_rubble_2,
          evilmike_swamp_ruin_wall, hangedman_swamp_ruin_hall
Swamp:2:  evilmike_swamp_ruin_house_2, swamp_pool4
Orc:1:    minmay_orc_temple_c
Orc:2:    grunt_orc_cross, basic_altar
Lab:      nicolae_lab_garden
IceCv:    ice_cave_small_demon

Skill      XL: |  1  2  3  4  5  6  7  8  9 10 11 12 13 14 15 16 |
---------------+-------------------------------------------------+-----
Stealth        | 1 2 3 4 5 7 8 10 11 12 13 14 15 16 17 | 17.3
Throwing       | 3 4 5 7 8 9 10 | 10.0
Short Blades   | 1 2 3 4 5 6 7 8 9 10 11 12 | 12.9
Hexes          | 4 5 6 8 9 10 11 12 | 12.0
Fighting       | 1 3 5 6 7 8 9 |  9.1
Spellcasting   | 2 4 6 8 9 10 11 | 11.0
Dodging        | 5 8 9 11 12 13 14 | 14.0
Evocations     | 2 6 8 9 10 | 10.0
Translocations | 3 5 |  5.0
Transmutations | 4 6 7 |  7.0
Air Magic      | 2 4 5 |  5.1
Shields        | 2 4 |  4.1

Action                   |  1- 3 |  4- 6 |  7- 9 | 10-12 | 13-15 | 16-18 || total
-------------------------+-------+-------+-------+-------+-------+-------++-------
Melee: Short sword       |   108 |       |       |       |       |       ||   108
       Unarmed           |     4 |       |       |       |       |       ||     4
       Dagger            |     4 |   129 |   303 |   888 |  2068 |   187 ||  3579
       Quick blade       |       |       |       |       |       |   111 ||   111
 Fire: Blowgun           |       |    30 |    83 |    37 |    27 |     2 ||   179
Throw: Stone             |    10 |       |       |     6 |     2 |       ||    18
       Tomahawk          |    11 |    22 |    37 |   143 |   192 |    16 ||   421
       Throwing net      |     2 |       |     3 |    10 |    16 |     6 ||    37
 Cast: Corona            |       |     1 |       |       |       |       ||     1
       Tukima's Dance    |       |       |     3 |     4 |    58 |       ||    65
       Apportation       |       |       |       |    18 |     7 |       ||    25
       Invisibility      |       |       |       |     6 |    27 |     5 ||    38
       Repel Missiles    |       |       |       |     1 |       |       ||     1
Invok: Call Merchant     |       |       |       |     2 |     1 |     1 ||     4
       Potion Petition   |       |       |       |     1 |     1 |       ||     2
Evoke: Box of beasts     |       |       |       |     6 |       |       ||     6
       Wand              |       |       |       |     2 |    16 |     4 ||    22
       Sack of spiders   |       |       |       |       |       |     1 ||     1
  Use: Scroll            |       |     6 |     5 |    10 |     5 |    13 ||    39
       Potion            |       |       |       |       |     2 |     1 ||     3
 Stab: Sleeping          |     4 |     6 |    18 |    78 |    94 |    17 ||   217
       Confused          |       |     1 |       |     4 |       |       ||     5
       Distracted        |       |     1 |     3 |     8 |    32 |     2 ||    46
       Held in net/web   |       |       |     2 |     8 |    12 |     3 ||    25
       Invisible         |       |       |       |     7 |   110 |    25 ||   142
       Paralysed         |       |       |       |       |     1 |     4 ||     5
  Eat: Pizza             |       |     1 |       |     2 |     1 |     2 ||     6
       Bread ration      |       |       |     1 |     1 |     4 |     1 ||     7
       Fruit             |       |       |       |     2 |     5 |       ||     7
       Royal jelly       |       |       |       |     4 |       |       ||     4
